Map: Dusty Gorge

Players

IIIIIIIIIIII - Winner!

  • Race: Protoss Protoss
  • League: Diamond
  • Spawn Location: 9:00

Adversity - Winner!

  • Race: Terran Terran
  • Spawn Location: 11:00

ffffffffffff

  • Race: Terran Terran
  • Spawn Location: 3:00

EuroF

  • Race: Protoss Protoss
  • Spawn Location: 5:00

VOD

Have the link to the VOD?

Description

Time

  • Played on: Sept. 2, 2018, 7:35 a.m.
  • Length: 8:15
Show
View Real Time Build Order
Export as new Build Order

IIIIIIIIIIII Protoss - Winner!

Build Orders:  

Get SALT Encoding   

  1  0:00  Probe  
  12  0:05  Probe  
  14  0:19  Pylon  
  14  0:25  Probe  
  15  0:37  Forge  
  15  0:48  Pylon  
  15  0:56  Probe  
  16  1:04  Probe  
  16  1:11  Photon Cannon  
  16  1:14  Pylon  
  16  1:22  Pylon  
  16  1:35  Pylon  
  16  1:38  Pylon  
  16  1:57  Gateway  
  16  1:58  Photon Cannon  
  16  2:01  Probe  
  17  2:14  Probe  
  17  2:15  Pylon  
  17  2:22  Probe  
  19  2:39  Photon Cannon  
  19  2:41  Pylon  
  19  2:45  Pylon  
  19  2:47  Assimilator  
  18  2:52  Probe  
  18  2:56  Assimilator  
  19  3:03  Probe  
  20  3:11  Probe  
  20  3:20  Cybernetics Core  
  20  3:27  Probe  
  20  3:31  Photon Cannon  
  21  3:38  Pylon  
  21  3:45  Photon Cannon  
  21  4:01  Stargate  
  21  4:11  Probe  
  21  4:13  Nexus  
  22  4:34  Void Ray  
  22  4:39  Shield Battery  
  22  4:41  Shield Battery  
  22  4:43  Pylon  
  26  4:53  Pylon  
  26  4:58  Pylon  
  26  5:10  Void Ray  
  30  5:24  Probe  
  31  5:31  Photon Cannon  
  31  5:42  Photon Cannon  
  31  5:52  Void Ray  
  35  5:57  Probe  
  35  6:00  Probe  
  37  6:09  Probe  
  38  6:12  Probe  
  39  6:21  Probe  
  39  6:24  Probe  
  41  6:25  Void Ray  
  41  6:33  Probe  
  41  6:36  Probe  
  41  6:39  Assimilator  
  47  6:45  Probe  
  47  6:46  Probe  
  48  6:54  Probe  
  49  6:58  Probe  
  51  7:02  Assimilator, Probe  
  51  7:04  Pylon  
  51  7:05  Void Ray  
  56  7:21  Stargate  
  56  7:23  Probe  
  56  7:24  Pylon  
  56  7:26  Probe  
  58  7:31  Probe  
  59  7:39  Probe  
Show
View Real Time Build Order
Export as new Build Order

Adversity Terran - Winner!

Build Orders:  

Get SALT Encoding   

  12  0:02  SCV  
  13  0:14  SCV  
  14  0:19  Supply Depot  
  14  0:26  SCV  
  15  0:31  Refinery  
  15  0:41  SCV  
  16  0:46  Barracks  
  16  0:53  SCV  
  17  1:07  Barracks  
  17  1:20  Barracks  
  17  1:25  SCV  
  18  1:37  Reaper  
  19  1:41  Orbital Command  
  19  1:50  Refinery  
  19  2:01  Reaper  
  20  2:10  Reaper x2  
  20  2:13  SCV  
  23  2:18  Supply Depot  
  23  2:39  Reaper, SCV  
  25  2:46  Supply Depot  
  25  2:49  Reaper x2  
  27  2:52  SCV  
  28  3:13  Reaper  
  28  3:15  SCV  
  28  3:18  Command Center  
  30  3:23  Reaper  
  30  3:24  Reaper  
  32  3:27  SCV  
  33  3:41  Barracks x2  
  33  3:45  Reaper, SCV  
  35  4:02  Supply Depot, SCV  
  36  4:14  Barracks Reactor, Barracks Tech Lab, SCV  
  36  4:18  Factory  
  36  4:25  Marine  
  36  4:30  Marine x2  
  39  4:34  Marine  
  39  4:35  Stimpack  
  39  4:37  SCV  
  41  4:42  Orbital Command  
  41  5:00  Marine x3  
  41  5:04  Factory Tech Lab  
  46  5:12  Marine  
  45  5:17  Starport  
  45  5:18  Marine x2, Barracks Reactor  
  45  5:20  SCV x2  
  47  5:24  Siege Tank  
  47  5:26  Marine x2  
  52  5:32  SCV x2  
  51  5:44  SCV  
  52  5:51  Marine x5  
  54  6:08  Marine, SCV x2  
  54  6:09  Marine  
  54  6:10  Engineering Bay  
  54  6:11  Marine x4  
  58  6:12  Supply Depot  
  58  6:13  Supply Depot  
  59  6:26  Marine x2  
  59  6:27  SCV  
  59  6:30  Barracks Reactor x2  
  59  6:31  Barracks Reactor  
  62  6:33  SCV, Siege Tank  
  62  6:39  Medivac x2  
  70  6:40  SCV  
  70  6:43  Refinery x2  
  70  6:45  SCV  
  72  6:51  Supply Depot  
  72  6:52  SCV  
  73  7:05  Marine x2  
  75  7:08  SCV  
  75  7:09  SCV  
  75  7:14  Marine x7  
  84  7:19  Supply Depot  
  84  7:22  Supply Depot  
  84  7:23  SCV x2  
  86  7:31  Supply Depot  
  86  7:40  Siege Tank  
  86  7:41  SCV x2  
  91  7:44  Medivac  
  91  7:45  Medivac  
  99  8:09  Supply Depot  
Show
View Real Time Build Order
Export as new Build Order

ffffffffffff Terran 

Build Orders:  

Get SALT Encoding   

  12  0:21  SCV  
  13  0:26  Supply Depot  
  13  0:33  SCV  
  14  0:45  SCV  
  15  0:50  Barracks  
  15  0:57  SCV  
  16  1:09  SCV  
  17  1:25  Supply Depot  
  17  1:38  Marine  
  18  1:41  Bunker  
  17  2:00  Marine  
  18  2:08  Bunker  
  17  2:17  Marine  
  18  2:25  Orbital Command  
  18  2:47  Refinery  
  18  2:48  Refinery  
  18  2:51  SCV  
  19  3:03  SCV  
  20  3:15  SCV  
  20  3:16  Marine  
  21  3:24  Supply Depot  
  21  3:27  Supply Depot  
  21  3:30  SCV  
  22  3:37  Marine  
  23  3:48  Supply Depot, SCV  
  22  4:07  Marine  
  23  4:11  Factory  
  23  4:15  Orbital Command  
  22  4:47  SCV  
  23  4:55  Factory Tech Lab  
  23  4:59  SCV  
  24  5:04  Supply Depot  
  24  5:15  Siege Tank  
  24  5:19  Barracks Tech Lab  
  27  5:23  SCV  
  28  5:34  Orbital Command  
  28  5:35  Command Center  
  28  5:42  Stimpack  
  28  5:45  Marine  
  28  6:05  Marine  
  29  6:17  SCV  
  30  6:29  SCV  
  31  6:35  Marine  
  32  6:41  SCV  
  32  6:45  Refinery  
  33  6:48  Barracks, Starport  
  33  6:56  Orbital Command  
  33  7:00  Marine  
  33  7:02  SCV  
  34  7:10  Siege Tank  
  34  7:14  SCV  
  38  7:21  Marine  
  39  7:26  SCV  
  40  7:32  Medivac  
  42  7:38  SCV  
  42  7:39  Marine  
  42  7:40  Orbital Command  
  42  7:42  Barracks  
  44  7:51  Marine  
  44  7:53  SCV  
  44  7:56  Marine  
Show
View Real Time Build Order
Export as new Build Order

EuroF Protoss 

Build Orders:  

Get SALT Encoding   

  12  0:01  Probe  
  13  0:13  Probe  
  14  0:18  Pylon  
  14  0:25  Probe  
  15  0:35  Probe  
  15  0:42  Gateway  
  16  0:43  Probe  
  17  0:50  Assimilator  
  17  0:51  Probe  
  18  1:06  Gateway, Probe  
  19  1:13  Assimilator  
  19  1:14  Probe  
  20  1:25  Probe  
  21  1:36  Cybernetics Core  
  21  1:40  Probe  
  22  1:47  Pylon  
  22  1:53  Probe  
  23  2:03  Warp Gate  
  23  2:12  Stalker x2  
  27  2:17  Pylon  
  27  2:30  Probe  
  28  2:44  Stalker x2  
  30  3:23  Pylon  
  30  3:28  Shield Battery  
  30  3:30  Stalker x2  
  30  3:33  Pylon  
  34  3:45  Probe  
  34  3:46  Stargate  
  35  3:57  Probe  
  34  4:11  Stalker x2  
  38  4:23  Oracle  
  38  4:29  Probe  
  39  4:33  Gateway  
  42  4:43  Stalker x2  
  46  4:58  Probe  
  32  5:08  Probe  
  27  5:17  Probe  
  27  5:18  Oracle  
  31  5:25  Probe  
  31  5:34  Probe  
  30  5:43  Probe  
  31  5:51  Probe  
  30  6:07  Stalker x2  
  34  6:25  Probe  
  32  6:34  Stalker x2  
  32  6:35  Probe  
  37  6:42  Stalker  
  37  6:43  Probe  
  40  7:02  Stalker x2  
  40  7:04  Probe  
  45  7:16  Probe  
  46  7:31  Stalker x3  
  52  7:38  Probe  
  52  7:40  Pylon  
Tags
 
Add a new tag
Caveats
  • Supply blocks, unpowered buildings, or Contaminate may cause inaccurate times.
  • Supply counts are checked every 10 seconds.